AoeStats
← MaxC

African Clearing

510671524Analyzed
4v4 RM · 13h ago on Oct 2, 2026· 25m 46s· 8 players
Game mode
Random Map
Map size
Large (8 player)
Population
200
Speed
Normal
Resources
Standard
Victory
Conquest
Starting age
Dark Age
Ending age
Imperial Age
RankedLock teamsTeams togetherTeam positionsShared explorationLock speedFull tech treeHidden civsTurbo modeCheats
Victory
Defeat
🇨🇴 Spanish · Colombia
1036
+16
🇨🇳 Mongols · China
1032
+16
🇲🇽 Tatars · Mexico
1012
+16
🇺🇸 Dravidians · United States
1011
+17
🇹🇼 Spanish · Taiwan
1047
-17
🇻🇪 Huns · Venezuela
1047
-17
🇲🇾 Malay · Malaysia
1013
-16
🇺🇸 Japanese · United States
1009
-15
Clueless Clown
11:16 Loom
13:48 Feudal Age
13:53 Man-at-Arms
15:00 Horse Collar
15:38 Scale Mail Armor
16:05 Forging
17:24 Arson
18:38 Double-Bit Axe
23:29 Castle Age
21:37 Gold Mining
24:36 Gambesons
24:51 Squires
26:20 Bow Saw
Argote
12:21 Feudal Age
10:39 Loom
13:20 Man-at-Arms
17:40 Scale Mail Armor
20:58 Forging
永不投降嘻嘻
14:13 Feudal Age
15:32 Loom
16:12 Loom
19:27 Castle Age
18:09 Double-Bit Axe
18:22 Horse Collar
18:57 Gold Mining
20:43 Fletching
21:56 Gold Shaft Mining
21:40 Bow Saw
24:47 Bodkin Arrow
24:53 Heavy Plow
25:31 Husbandry
dse_dll
4:27 Loom
14:30 Feudal Age
23:02 Castle Age
22:46 Padded Archer Armor
22:36 Fletching
Jumpemonkey
13:54 Feudal Age
15:32 Double-Bit Axe
15:28 Horse Collar
25:16 Castle Age
23:50 Gold Mining
24:36 Fletching
25:10 Padded Archer Armor
25:20 Crossbowman
26:05 Thumb Ring
26:01 Bodkin Arrow
MaxC
4:16 Loom
12:01 Feudal Age
23:29 Scale Barding Armor
23:35 Forging
24:11 Wheelbarrow
24:25 Bloodlines
Turan
4:45 Loom
19:22 Feudal Age
19:03 Man-at-Arms
22:53 Double-Bit Axe
23:26 Arson
the King
6:13 Loom
20:20 Feudal Age
20:47 Horse Collar
20:56 Double-Bit Axe
27:08 Castle Age
25:16 Gold Mining
Connection lost

Rejoining the realm…

Still unreachable

The connection could not be restored.

Session expired

The server has moved on; the page needs a fresh start.